 Dungeon Crawl Stone Soup version 0.21-a0-273-g0785366 (webtiles) character file.

4254 TeCoolX the Covert (level 10, -3/45 HPs)
             Began as a Spriggan Enchanter on Sept 16, 2017.
             Slain by a killer bee (6 damage)
             ... on level 8 of the Dungeon.
             The game lasted 01:18:29 (9968 turns).

TeCoolX the Covert (Spriggan Enchanter)             Turns: 9968, Time: 01:18:35

Health: -3/45      AC:  3    Str:  4    XL:     10   Next: 10%
Magic:  2/23       EV: 21    Int: 21    God:
Gold:   435        SH:  0    Dex: 16    Spells: 14/26 levels left

rFire    x . .     SeeInvis +   a - +1 dagger
rCold    + . .     Gourm    .   (shield restricted)
rNeg     . . .     Faith    .   p - +0 robe
rPois    .         Spirit   .   (helmet restricted)
rElec    .         Reflect  .   y - +0 cloak
rCorr    .         Harm     .   (gloves unavailable)
MR       +....                  (boots unavailable)
Stlth    ++++++....             (no amulet)
HPRegen  0.15/turn              h - ring of ice
MPRegen  0.18/turn              G - ring of stealth

@: lethally poisoned (-3 -> -10), very quick
A: unfitting armour, horns 1, see invisible, herbivore 3, speed 3, screaming 1,
slow metabolism 2
a: no special abilities


You were on level 8 of the Dungeon.
You were not hungry.

You visited 2 branches of the dungeon, and saw 9 of its levels.

You collected 471 gold pieces.
You spent 36 gold pieces at shops.

Inventory:

Hand Weapons
 a - a +1 dagger (weapon)
 b - a +0 long sword
 i - a +0 short sword
 t - a +4 scimitar of flaming
 x - a +3 quarterstaff of chaos
 B - a cursed -2 short sword
 F - a +0 hand crossbow
 H - the +5 whip "Vapp" {freeze, rF+ rC+ MR+ MP+9}
   (You found it on level 5 of the Dungeon)

   It has been specially enchanted to freeze those struck by it, causing extra
   injury to most foes and up to half again as much damage against particularly
   susceptible opponents.
   It can also slow down cold-blooded creatures.
   It protects you from fire.
   It protects you from cold.
   It affects your resistance to hostile enchantments.
   It affects your magic capacity (+9).
 I - a +0 hand crossbow
 J - a +0 rapier of draining
 O - a +0 rapier
 Q - a cursed -1 shortbow
 S - a +4 dagger of chaos
 V - a +0 flail of protection
 W - a +1 dagger of flaming
 X - a +3 hand axe
Missiles
 k - 159 arrows
 K - 19 bolts
 M - 4 tomahawks (quivered)
 U - 12 poisoned needles
Armour
 p - a +0 robe (worn)
 y - a +0 cloak (worn)
 Y - a +1 robe of magic resistance
Magical Staves
 u - an uncursed staff of cold {unknown}
 D - a cursed staff of wizardry
Jewellery
 h - a ring of ice (left hand)
 r - an uncursed amulet of the gourmand
 G - a ring of stealth (right hand)
 T - an uncursed ring of flight
Wands
 e - a wand of confusion (30/48)
 q - a wand of confusion (19/48)
 A - a wand of acid (2/15)
 N - a wand of lightning (8/15)
 P - a wand of lightning (5/15)
Scrolls
 g - 2 scrolls of random uselessness
 j - 5 scrolls of enchant armour {unknown}
 m - 3 scrolls of recharging {unknown}
 o - 2 scrolls of teleportation
 s - 2 scrolls of amnesia {unknown}
 v - a scroll of fear {unknown}
 z - 3 scrolls of remove curse
 C - 2 scrolls of magic mapping {unknown}
 E - a scroll of immolation {unknown}
 R - 2 scrolls of fog {unknown}
 Z - a scroll of identify
Books
 c - a book of Maledictions

   Spells                             Type                      Level
   a - Corona                         Hexes                        1
   b - Ensorcelled Hibernation        Hexes/Ice                    2
   c - Confuse                        Hexes                        3
   d - Tukima's Dance                 Hexes                        3
   e - Dazzling Spray                 Conjuration/Hexes            3
 L - a Young Poisoner's Handbook

   Spells                             Type                      Level
   a - Sting                          Conjuration/Poison           1
   b - Poisonous Vapours              Poison/Air                   2
   c - Mephitic Cloud                 Conjuration/Poison/Air       3
   d - Olgreb's Toxic Radiance        Poison                       4
   e - Venom Bolt                     Conjuration/Poison           5
Comestibles
 d - 2 bread rations
 f - 4 royal jellies
 l - 10 fruits


   Skills:
 + Level 1.0 Fighting
 + Level 4.3 Short Blades
 + Level 5.6 Dodging
 + Level 11.7 Stealth
 + Level 8.9 Spellcasting
 + Level 7.8 Hexes
 + Level 3.4 Ice Magic
 + Level 1.9 Air Magic
 * Level 4.8 Poison Magic


You had 14 spell levels left.
You knew the following spells:

 Your Spells              Type           Power        Failure   Level  Hunger
a - Corona                Hex            #####..      1%          1    None
b - Ensorcelled Hibernat  Hex/Ice        #####.       1%          2    None
c - Tukima's Dance        Hex            #####...     1%          3    None
d - Confuse               Hex            #####...     1%          3    None
e - Poisonous Vapours     Pois/Air       ###...       2%          2    None
f - Sting                 Conj/Pois      ###.         2%          1    None


Dungeon Overview and Level Annotations

Branches:
Dungeon (8/15)             Temple (1/1) D:6
   Lair: D:8-11

Altars:
Cheibriados
Dithmenos
Elyvilon
Gozag
Hepliaklqana
Kikubaaqudgha
Nemelex Xobeh
Okawaru
Qazlal
Ru
Sif Muna
Trog
Uskayaw
Vehumet
Wu Jian
Xom
Yredelemnul
Zin
The Shining One

Shops:
D:4 :?(   D:5 [   D:6 [   D:7 }[


Innate Abilities, Weirdness & Mutations

You are very small and have problems with some larger weapons.
You are too small for most types of armour.
You have supernaturally acute eyesight. (SInv)
You are a herbivore.
You cover ground extremely quickly.
You need consume almost no food.
You have a pair of small horns on your head.
You occasionally shout uncontrollably at your foes.


Message History

The killer bee poisons you!
As you read the scroll of teleportation, it crumbles to dust.
You feel strangely unstable.
* * * LOW HITPOINT WARNING * * *
You feel sick. The killer bee barely misses you.
The killer bee stings you but does no damage.
The killer bee barely misses you. The killer bee closely misses you.
It was a potion of mutation.
You feel extremely strange.
You feel the urge to shout. A pair of horns grows on your head!
* * * LOW HITPOINT WARNING * * *
You feel sick. The killer bee barely misses you. x3
The killer bee closely misses you.
It was a potion of cancellation.
You feel strangely stable.
You feel magically purged.
* * * LOW HITPOINT WARNING * * *
You feel sick.
The killer bee looks more healthy.
The killer bee stings you.
* * * LOW HITPOINT WARNING * * *
The killer bee stings you.
You die...

######################
#.........y@.........#
#.........y..........#
#...........)..##...##
#†.##...##..[..##...#
#..##...##.....##...#####
#...'...##.....##...##..#
#...#....).......†..††..####
#..##...##.....##...##..##..
#..##...######+##...##...+..


You could see 2 killer bees.

Vanquished Creatures
  Erica (D:8)
  Psyche (D:8)
  A hippogriff (D:7)
  Sigmund (D:2)
  A water moccasin (D:5)
  An orc warrior (D:6)
  An ice beast (D:5)
  A black bear (D:6)
  2 phantoms
  A sky beast (D:7)
  3 ogres
  A necrophage (D:6)
  3 centaurs
  A bullfrog (D:8)
  A water moccasin zombie (D:7)
  A scorpion (D:5)
  A wyvern skeleton (D:5)
  8 killer bees (D:8)
  3 howler monkeys (D:7)
  2 crimson imps (D:6)
  A hound (D:6)
  3 centaur zombies
  A quasit (D:6)
  A centaur skeleton (D:5)
  3 orc priests
  8 orc wizards
  Crazy Yiuf (D:2)
  2 bullfrog skeletons
  2 iguanas
  6 worker ants
  A killer bee zombie (D:5)
  A howler monkey zombie (D:5)
  A worker ant zombie (D:7)
  8 adders
  An ooze (D:2)
  An adder zombie (D:5)
  An adder skeleton (D:5)
  3 worms
  5 dart slugs
  2 leopard geckos
  24 orcs
  11 giant cockroaches
  6 goblins
  8 hobgoblins
  3 quokkas
  A ball python (D:4)
  12 bats
  4 frilled lizards
  A giant cockroach zombie (D:4)
  8 kobolds
  5 rats
170 creatures vanquished.

Vanquished Creatures (others)
  An orc (D:8)
1 creature vanquished.

Grand Total: 171 creatures vanquished

Notes
Turn   | Place    | Note
-------+----------+-------------------------------------------
     0 | D:1      | TeCoolX the Spriggan Enchanter began the quest for the Orb.
     0 | D:1      | Reached XP level 1. HP: 9/9 MP: 5/5
   331 | D:1      | Reached XP level 2. HP: 13/13 MP: 6/6
   335 | D:1      | Learned a level 2 spell: Ensorcelled Hibernation
  1083 | D:1      | Reached skill level 5 in Stealth
  1237 | D:1      | Reached XP level 3. HP: 10/16 MP: 1/8
  1501 | D:2      | Learned a level 3 spell: Tukima's Dance
  1539 | D:2      | Noticed Sigmund
  1565 | D:2      | Killed Sigmund
  1565 | D:2      | Reached skill level 6 in Stealth
  1565 | D:2      | Reached skill level 1 in Ice Magic
  1565 | D:2      | Reached XP level 4. HP: 21/21 MP: 6/10
  1565 | D:2      | Reached XP level 5. HP: 24/24 MP: 6/11
  2091 | D:2      | Reached skill level 7 in Stealth
  2279 | D:2      | Found a runed door.
  2743 | D:2      | Noticed Crazy Yiuf
  2762 | D:2      | Killed Crazy Yiuf
  2762 | D:2      | Reached XP level 6. HP: 28/28 MP: 7/12
  2902 | D:3      | Found a shimmering altar of Xom.
  3705 | D:4      | Reached skill level 5 in Hexes
  3844 | D:4      | Found a sacrificial altar of Ru.
  3846 | D:4      | Found a deep blue altar of Sif Muna.
  3848 | D:4      | Found a bloodstained altar of Trog.
  3882 | D:4      | Reached skill level 8 in Stealth
  4005 | D:4      | Found Piwn's Distillery.
  4179 | D:4      | Found Liugapal's Weapon Emporium.
  4187 | D:4      | Found Mawexex's Book Boutique.
  4388 | D:4      | Learned a level 3 spell: Confuse
  4426 | D:4      | Found Nebigh's Magic Scroll Shoppe.
  4435 | D:4      | Found an ancient bone altar of Kikubaaqudgha.
  4473 | D:4      | Bought a scroll of teleportation for 36 gold pieces
  4834 | D:5      | Entered Level 5 of the Dungeon
  4835 | D:5      | Found a hide-covered altar of Uskayaw.
  4845 | D:5      | Got a warped whip
  5326 | D:5      | Reached XP level 7. HP: 27/32 MP: 7/15
  5455 | D:5      | Learned a level 2 spell: Poisonous Vapours
  5457 | D:5      | Learned a level 1 spell: Sting
  5502 | D:5      | Reached skill level 5 in Spellcasting
  5986 | D:5      | Reached skill level 9 in Stealth
  5986 | D:5      | Reached skill level 1 in Poison Magic
  6141 | D:5      | Reached XP level 8. HP: 36/36 MP: 11/18
  6320 | D:5      | Found Panuqiq's Antique Armour Shoppe.
  7221 | D:6      | Reached skill level 1 in Air Magic
  7470 | D:6      | Found a staircase to the Ecumenical Temple.
  7475 | Temple   | Entered the Ecumenical Temple
  7661 | D:6      | Found Loan's Armour Shoppe.
  8234 | D:7      | Noticed a hippogriff
  8240 | D:7      | Killed a hippogriff
  8240 | D:7      | Reached skill level 10 in Stealth
  8240 | D:7      | Reached XP level 9. HP: 40/40 MP: 14/21
  8262 | D:7      | Found Neli's Gadget Shoppe.
  8733 | D:7      | Found Qioshrede's Antique Armour Boutique.
  9380 | D:8      | Noticed Erica
  9396 | D:8      | HP: 2/40 [poisoned by Erica (bolt of poison)]
  9400 | D:8      | Killed Erica
  9400 | D:8      | Reached skill level 1 in Fighting
  9400 | D:8      | Reached skill level 5 in Dodging
  9400 | D:8      | Reached skill level 11 in Stealth
  9688 | D:8      | Identified the +5 whip "Vapp" {freeze, rF+ rC+ MR+ MP+9} (You found it on level 5 of the Dungeon)
  9762 | D:8      | Noticed Psyche
  9774 | D:8      | Killed Psyche
  9837 | D:8      | Reached XP level 10. HP: 35/45 MP: 12/23
  9967 | D:8      | Gained mutation: You occasionally shout uncontrollably at your foes. [potion of mutation]
  9967 | D:8      | Gained mutation: You have a pair of small horns on your head. [potion of mutation]
  9968 | D:8      | Slain by a killer bee

Vault maps used:
D:1:      dpeg_arrival_ternary, minmay_shallow_snake_nest
D:2:      kennysheep_generic_room_3, uniq_sigmund, uniq_crazy_yiuf_cottage
D:3:      xom_butterflies, st_stairs_10
D:4:      nicolae_overflow_quartered_altars, serial_shops, shop,
          nicolae_shop_stone, nicolae_shop_statue_plus, shop,
          kennysheep_decorative_pillar
D:5:      eat_drink_and_be_merry_uskayaw, serial_shops, shop_statue, first_bread
D:6:      temple_doors_e, serial_shops, shop_fountains
D:7:      serial_shops, nicolae_shop_trees, shop
D:8:      uniq_psyche, uniq_erica
Temple:   nicolae_temple_god_jail

Skill      XL: |  1  2  3  4  5  6  7  8  9 |
---------------+----------------------------+-----
Spellcasting   | 3 4 6 7 8 |  8.9
Hexes          | 4 5 6 7 |  7.8
Stealth        | 5 6 7 8 9 10 11 | 11.7
Ice Magic      | 1 2 3 |  3.4
Short Blades   | 2 3 4 |  4.3
Dodging        | 4 5 |  5.6
Poison Magic   | 1 3 4 |  4.8
Air Magic      | 1 |  1.9
Fighting       | 1 |  1.0

Action                   |  1- 3 |  4- 6 |  7- 9 | 10-12 || total
-------------------------+-------+-------+-------+-------++-------
Melee: Dagger            |   104 |   215 |   273 |    12 ||   604
 Cast: Corona            |     7 |       |       |       ||     7
       Ensorcelled Hiber |    19 |    45 |    53 |       ||   117
       Confuse           |       |     9 |    27 |     3 ||    39
       Poisonous Vapours |       |       |    25 |     8 ||    33
  Use: Scroll            |     4 |     2 |     6 |     1 ||    13
       Potion            |       |       |     5 |     2 ||     7
 Stab: Sleeping          |    18 |    45 |    40 |       ||   103
       Distracted        |       |     1 |       |       ||     1
       Confused          |       |     1 |    23 |     3 ||    27
  Eat: Bread ration      |       |     1 |     1 |       ||     2
Armor: Robe              |    17 |    14 |    13 |     1 ||    45
       Skin              |       |       |    23 |       ||    23
Dodge: Dodged            |   123 |   180 |   158 |    24 ||   485

Table legend:
 A = Spawn XP
 B = Non-spawn XP
 C = Spawn XP percentage of total XP
 D = Spawn monster count
 E = Non-spawn monster count
 F = Spawn count percentage of total count
 G = Total turns spent on level
                    A         B        C        D         E        F      G
               +---------+---------+-------+---------+---------+-------+---------
         Total |       0 |    6078 |   0.0 |       0 |     170 |   0.0 |  9968
               +---------+---------+-------+---------+---------+-------+---------
           D:1 |       0 |      44 |   0.0 |       0 |      27 |   0.0 |  1451
           D:2 |       0 |     358 |   0.0 |       0 |      24 |   0.0 |  1391
           D:3 |       0 |     111 |   0.0 |       0 |      22 |   0.0 |   843
           D:4 |       0 |     200 |   0.0 |       0 |      12 |   0.0 |  1513
           D:5 |       0 |    1011 |   0.0 |       0 |      25 |   0.0 |  1365
           D:6 |       0 |     808 |   0.0 |       0 |      17 |   0.0 |  1218
           D:7 |       0 |    1037 |   0.0 |       0 |      19 |   0.0 |  1472
           D:8 |       0 |    2509 |   0.0 |       0 |      24 |   0.0 |   619
               +---------+---------+-------+---------+---------+-------+---------
